 Dungeon Crawl Stone Soup version 0.20.0-4-g10b340a (webtiles) character file.

5824 Kosschaser the Blocker (level 10, -3/60 HPs)
             Began as a Gargoyle Fighter on May 27, 2017.
             Was a Believer of Okawaru.
             Killed from afar by Psyche (15 damage)
             ... with a puff of frost
             ... on level 8 of the Dungeon on May 28, 2017.
             The game lasted 00:44:10 (8688 turns).

Kosschaser the Blocker (Gargoyle Fighter)           Turns: 8688, Time: 00:44:10

Health: -3/60      AC:  0    Str: 22    XL:     10   Next: 80%
Magic:  10/10      EV: 15    Int: 10    God:    Okawaru [**....]
Gold:   426        SH:  5    Dex:  9    Spells: 9/9 levels left

rFire    . . .     SeeInvis .   (weapon currently unavailable)
rCold    . . .     Gourm    .   (shield currently unavailable)
rNeg     + . .     Faith    .   (armour currently unavailable)
rPois    ∞         Spirit   .   (helmet currently unavailable)
rElec    .         Reflect  +   (cloak currently unavailable)
rCorr    .         Harm     .   (gloves currently unavailable)
MR       .....                  (boots currently unavailable)
Stlth    +.........             E - +5 amulet of reflection
Regen    0.2/turn               (ring currently unavailable)
MPRegen  0.2/turn               (ring currently unavailable)

@: pig-form, very quick
A: negative energy resistance 1, petrification resistance, rot immunity, AC +7
a: Heroism, Renounce Religion


You were on level 8 of the Dungeon.
You worshipped Okawaru.
Okawaru was pleased with you.
You were hungry.
You were a filthy swine.
You visited 2 branches of the dungeon, and saw 10 of its levels.
You also visited: Sewer.

You collected 586 gold pieces.
You spent 160 gold pieces at shops.

Inventory:

Hand Weapons
 D - a +0 mace of protection (melded)
Armour
 b - a +0 pair of boots (melded)
 c - a +0 shield (melded)
 l - a +1 chain mail of cold resistance
 u - a +1 helmet (melded)
 A - +0 acid dragon scales (melded)
 J - a +0 pair of gloves (melded)
Jewellery
 i - an uncursed ring of resist corrosion
 n - a ring of see invisible (melded)
 E - a +5 amulet of reflection (around neck)
 P - a ring of wizardry (melded)
Wands
 e - a wand of random effects (41/48)
 I - a wand of paralysis (13/24)
 K - a wand of flame (23/48)
 M - a wand of random effects (10/48)
Scrolls
 h - 4 scrolls of recharging
 j - 9 scrolls of teleportation
 m - a scroll of identify
 p - 2 scrolls of magic mapping
 q - 3 scrolls of amnesia
 w - a scroll of blinking
 y - a scroll of enchant armour
 C - a scroll of enchant weapon
 F - a scroll of fog
 L - a scroll of fear
Potions
 a - a potion of resistance {unknown}
 d - 3 potions of might
 k - 4 potions of curing
 r - a potion of ambrosia {unknown}
 t - 2 potions of brilliance {unknown}
 z - 3 potions of flight
 B - 4 potions of agility
 G - 2 potions of heal wounds
 H - 2 potions of magic
 O - a potion of cancellation {unknown}
Books
 o - a book of Minor Magic

   Spells                             Type                      Level
   a - Magic Dart                     Conjuration                  1
   b - Blink                          Translocation                2
   c - Call Imp                       Summoning                    2
   d - Slow                           Hexes                        2
   e - Conjure Flame                  Conjuration/Fire             3
   f - Mephitic Cloud                 Conjuration/Poison/Air       3
Comestibles
 f - 9 bread rations
 g - 5 royal jellies
 v - 9 fruits
 x - 4 meat rations


   Skills:
 + Level 6.3 Fighting
 + Level 9.2 Maces & Flails
 + Level 7.2 Armour
 + Level 3.4 Dodging
 + Level 11.0 Shields


You had 9 spell levels left.
You didn't know any spells.

Dungeon Overview and Level Annotations

Branches:
Dungeon (9/15)             Temple (1/1) D:6
   Lair: D:8-11         Orc: D:9-12

Altars:
Ashenzari
Cheibriados
Dithmenos
Elyvilon
Fedhas
Gozag
Hepliaklqana
Kikubaaqudgha
Makhleb
Nemelex Xobeh
Okawaru
Qazlal
Ru
Sif Muna
Trog
Uskayaw
Vehumet
Xom
Yredelemnul
Zin
The Shining One

Shops:
D:6 *!(?

Annotations:
D:8 Psyche
D:9 Maurice


Innate Abilities, Weirdness & Mutations

You are resistant to torment.
((Your stone body is resilient. (AC +7)))
You are immune to poison.
You resist negative energy. (rN+)
((You are resistant to electric shocks. (rElec)))
((You can survive without breathing.))
You are immune to petrification.
You are immune to rotting.


Message History

Your +0 shield melds into your body.
Your +0 acid dragon scales melds into your body.
Your ring of wizardry melds into your body.
Your ring of see invisible melds into your body.
Your +0 mace of protection goes still.
Deactivating autopickup; reactivate with Ctrl-A.
The crimson imp hits you. Something hits you. Something freezes you.
Something hits you. Something freezes you.
The crimson imp completely misses you.
The crimson imp blinks!
Something barely misses you.
You hit something.
You hear some strange, mumbled words.
A puff of flame appears from out of thin air!
The puff of flame hits you!
* * * LOW HITPOINT WARNING * * *
You hear some strange, mumbled words.
A puff of frost appears from out of thin air!
The puff of frost hits you!
You die...

#...........#
#.....##.#.##
#..........#
#..........#
####.#........#
#....#........#
#.##...#.###..#
#.##########5.#
#........h...>#
###############


You could see a crimson imp.

Vanquished Creatures
  A two-headed ogre (D:8)
  A hornet (D:8)
  Sigmund (D:6)
  A wyvern (D:8)
  6 yaks (D:9)
  An acid dragon (D:9)
  3 sky beasts
  2 orc warriors
  2 phantoms (D:7)
  4 ogres
  2 eyes of draining (D:8)
  3 necrophages
  2 centaurs
  6 bullfrogs
  2 wyvern zombies (D:8)
  4 scorpions
  3 wights (D:5)
  4 crimson imps
  4 jellies
  An orc priest (D:3)
  6 orc wizards
  4 hounds
  A bullfrog zombie (D:7)
  3 iguanas
  10 worker ants
  7 gnolls
  15 adders
  9 river rats
  A shadow imp (D:6)
  2 oozes
  An adder zombie (D:8)
  An adder skeleton (D:5)
  4 leopard geckos
  22 orcs
  8 giant cockroaches
  5 hobgoblins
  7 jackals
  7 kobolds
  4 quokkas
  11 ball pythons
  8 bats
  9 frilled lizards
  6 goblins
  A jackal zombie (D:6)
  2 leopard gecko skeletons
  A quokka skeleton (D:5)
  30 rats
238 creatures vanquished.

Vanquished Creatures (others)
  A human (D:4)
1 creature vanquished.

Grand Total: 239 creatures vanquished

Notes
Turn   | Place    | Note
-------+----------+-------------------------------------------
     0 | D:1      | Kosschaser the Gargoyle Fighter began the quest for the Orb.
     0 | D:1      | Reached XP level 1. HP: 14/14 MP: 1/1
   270 | D:1      | Reached XP level 2. HP: 19/19 MP: 2/2
   990 | D:2      | Reached XP level 3. HP: 23/23 MP: 3/3
  1343 | D:2      | Found a burning altar of Makhleb.
  1689 | D:3      | Reached XP level 4. HP: 27/28 MP: 4/4
  1925 | D:3      | Found an ancient bone altar of Kikubaaqudgha.
  1948 | D:3      | Reached skill level 4 in Shields
  2075 | D:3      | Reached XP level 5. HP: 32/33 MP: 5/5
  2502 | D:4      | Reached XP level 6. HP: 38/38 MP: 6/6
  2611 | D:4      | Reached skill level 1 in Dodging
  2972 | D:4      | Reached skill level 5 in Shields
  3212 | D:4      | Reached XP level 7. HP: 32/43 MP: 7/7
  3244 | D:4      | Found an ancient bone altar of Kikubaaqudgha.
  3246 | D:4      | Noticed a human
  3247 | D:4      | Killed a human
  3291 | D:5      | Entered Level 5 of the Dungeon
  3850 | D:4      | Reached skill level 5 in Maces & Flails
  4163 | D:5      | Reached skill level 6 in Shields
  4304 | D:5      | Reached XP level 8. HP: 33/48 MP: 8/8
  4351 | D:6      | Found a staircase to the Ecumenical Temple.
  4370 | D:6      | Found Qamp's General Store.
  4379 | D:6      | Reached skill level 5 in Armour
  4385 | D:6      | Bought a scroll of identify for 22 gold pieces
  4398 | D:6      | Noticed Sigmund
  4420 | D:6      | Killed Sigmund
  4429 | D:6      | Found Ucwoasmaed's Distillery.
  4430 | D:6      | Found Dossoq's Antique Weapon Shoppe.
  4440 | D:6      | Found Ilunle's Magic Scroll Shoppe.
  4498 | D:6      | Reached skill level 7 in Shields
  4707 | D:6      | Found a glowing drain.
  4711 | Sewer    | Entered a sewer
  4981 | Sewer    | Reached XP level 9. HP: 51/53 MP: 9/9
  5089 | Sewer    | Reached skill level 8 in Shields
  5323 | D:6      | Bought a potion of agility for 48 gold pieces
  5330 | D:6      | Bought a scroll of identify for 30 gold pieces
  5330 | D:6      | Bought a scroll of identify for 30 gold pieces
  5330 | D:6      | Bought a scroll of identify for 30 gold pieces
  5368 | Temple   | Entered the Ecumenical Temple
  5967 | D:6      | Found a deep blue altar of Sif Muna.
  6074 | D:7      | Reached skill level 5 in Fighting
  6370 | D:7      | Found a radiant altar of Vehumet.
  6384 | D:7      | Reached skill level 9 in Shields
  6978 | D:8      | Noticed a hornet
  6981 | D:8      | Noticed a two-headed ogre
  7063 | D:8      | Found a snail-covered altar of Cheibriados.
  7063 | D:8      | Found a faded altar of an unknown god.
  7068 | D:8      | Found an iron altar of Okawaru.
  7070 | D:8      | Found an opulent altar of Gozag.
  7071 | D:8      | Found a blossoming altar of Fedhas.
  7074 | D:8      | Became a worshipper of Warmaster Okawaru
  7230 | D:8      | Reached XP level 10. HP: 59/59 MP: 6/10
  7253 | D:8      | Reached * piety under Okawaru
  7253 | D:8      | Reached skill level 10 in Shields
  7383 | D:8      | Found a snail-covered altar of Cheibriados.
  7405 | D:8      | Killed a two-headed ogre
  7869 | D:9      | Reached ** piety under Okawaru
  8432 | D:8      | Reached skill level 11 in Shields
  8576 | D:9      | Noticed Maurice
  8635 | D:9      | Found a shimmering altar of Xom.
  8635 | D:9      | Noticed Psyche
  8688 | D:8      | Killed from afar by Psyche

Skill      XL: |  1  2  3  4  5  6  7  8  9 10 |
---------------+-------------------------------+-----
Armour         | 4 5 6 7 |  7.2
Shields        | 4 5 6 7 9 11 | 11.0
Maces & Flails | 3 4 5 6 8 9 |  9.2
Fighting       | 4 5 6 |  6.3
Dodging        | 1 2 3 |  3.4

Action                   |  1- 3 |  4- 6 |  7- 9 | 10-12 || total
-------------------------+-------+-------+-------+-------++-------
Melee: Flail             |   162 |   258 |   256 |       ||   676
       Mace              |       |       |   552 |   364 ||   916
       Unarmed           |       |       |       |     2 ||     2
Evoke: Wand              |       |       |       |     2 ||     2
  Use: Scroll            |       |       |    18 |     4 ||    22
       Potion            |       |       |     1 |     2 ||     3
  Eat: Chunk             |     2 |     6 |    10 |     5 ||    23
       Meat ration       |       |       |     1 |       ||     1
Armor: Scale mail        |    32 |       |       |       ||    32
       Chain mail        |    89 |   188 |   524 |    89 ||   890
       Acid dragon scale |       |       |       |    38 ||    38
Dodge: Dodged            |    53 |    56 |   218 |    69 ||   396
Block: Shield            |    95 |   173 |   808 |   301 ||  1377
       Reflection        |       |       |     8 |     4 ||    12
